Map: Ultralove

Players

Alu - Winner!

  • Race: Zerg Zerg
  • League: Diamond
  • Spawn Location: 1:00

ManlyManMeat

  • Race: Zerg Zerg
  • League: Diamond
  • Spawn Location: 7:00

VOD

Have the link to the VOD?

Description

Time

  • Played on: July 4, 2025, 2:30 p.m.
  • Length: 5:52
Show
View Real Time Build Order
Export as new Build Order

Alu Zerg - Winner!

Build Orders: Hatch First 

Get SALT Encoding   

  12  0:00  Drone  
  13  0:13  Overlord  
  13  0:34  Drone x3  
  16  0:54  Drone  
  17  0:57  Hatchery  
  16  1:09  Spawning Pool  
  15  1:11  Extractor  
  15  1:14  Drone  
  15  1:18  Drone  
  16  1:24  Drone  
  17  1:28  Drone  
  18  1:38  Drone  
  19  1:49  Drone  
  20  2:01  Overlord  
  20  2:07  Queen  
  22  2:10  Queen  
  22  2:12  Zergling x2  
  22  2:13  Zergling x2  
  26  2:20  Drone  
  27  2:26  Drone  
  27  2:28  Metabolic Boost  
  28  2:33  Drone  
  28  2:34  Drone  
  30  2:43  Drone  
  30  2:44  Drone  
  32  3:00  Drone  
  32  3:01  Drone  
  34  3:06  Roach Warren  
  34  3:10  Drone x2  
  35  3:17  Spine Crawler, Evolution Chamber  
  33  3:23  Zergling x2, Evolution Chamber  
  33  3:24  Zergling x2  
  33  3:26  Zergling x4  
  36  3:28  Overlord  
  36  3:39  Evolution Chamber  
  35  3:44  Evolution Chamber  
  34  3:50  Roach x2  
  34  3:51  Roach x3  
  43  4:14  Overlord x2, Lair  
  43  4:38  Roach  
  43  4:39  Roach x4  
  54  4:53  Roach  
  54  4:56  Extractor  
  54  4:58  Roach  
  52  5:10  Drone x2  
  52  5:11  Drone  
  55  5:19  Drone x5  
  60  5:34  Overlord  
Show
View Real Time Build Order
Export as new Build Order

ManlyManMeat Zerg 

Build Orders: Hatch First, Zergling Baneling 

Get SALT Encoding   

  12  0:00  Drone  
  13  0:09  Drone  
  14  0:14  Extractor  
  14  0:15  Drone  
  15  0:21  Overlord  
  15  0:40  Drone  
  16  0:46  Hatchery  
  16  0:49  Drone  
  16  0:53  Drone  
  17  0:57  Drone  
  18  1:07  Extractor  
  17  1:12  Spawning Pool  
  17  1:15  Drone  
  17  1:20  Drone  
  18  1:26  Drone  
  19  1:36  Drone  
  20  1:59  Queen x2  
  20  2:00  Zergling x4  
  26  2:03  Overlord  
  26  2:10  Metabolic Boost  
  26  2:13  Drone  
  26  2:15  Drone  
  28  2:25  Drone x2  
  30  2:31  Drone x2  
  30  2:36  Baneling Nest  
  31  2:43  Zergling x4  
  33  2:53  Overlord x2  
  33  3:03  Zergling x4  
  35  3:10  Hatchery  
  35  3:12  Zergling x2  
  35  3:14  Zergling x2  
  35  3:18  Zergling x2  
  38  3:20  Zergling x2  
  38  3:21  Baneling  
  38  3:22  Baneling  
  38  3:24  Baneling  
  38  3:25  Baneling  
  38  3:27  Zergling x2  
  38  3:28  Baneling  
  38  3:31  Baneling  
  38  3:32  Zergling x2  
  39  4:02  Zergling x14  
  41  4:03  Zergling x6  
  42  4:11  Baneling  
  42  4:12  Zergling x2, Baneling x4  
  42  4:13  Zergling x4  
  42  4:14  Zergling x2  
  42  4:15  Zergling x2  
  47  4:18  Zergling x2  
  46  4:42  Zergling x14  
  44  4:54  Zergling x14  
  46  5:00  Zergling x4  
  46  5:03  Zergling x4  
  47  5:13  Baneling  
  47  5:14  Baneling  
  47  5:15  Zergling x2, Baneling x4  
  47  5:16  Zergling x2  
  49  5:27  Baneling x2  
  49  5:34  Baneling  
Tags
 
Matchup
ZvZ
Race
Zerg
Replay Pack
Myownreplay2
Spawn Locations
Cross Positions
Add a new tag
Caveats
  • Supply blocks, unpowered buildings, or Contaminate may cause inaccurate times.
  • Supply counts are checked every 10 seconds.